 Dungeon Crawl Stone Soup version 0.28-a0-724-g66f9036eb4 (webtiles) character file.

Game seed: 7572463742598345143

93 sanka the Chopper (level 4, -4/37 HPs)
             Began as a Palentonga Abyssal Knight on Oct 26, 2021.
             Was a Follower of Lugonu.
             Slain by a lemure (6 damage)
             ... led by Pikel
             ... on level 2 of the Dungeon.
             The game lasted 00:04:32 (4012 turns).

sanka the Chopper (Palentonga Abyssal Knight)       Turns: 4012, Time: 00:04:32

Health: -4/37      AC:  5    Str: 18    XL:     4   Next: 36%
Magic:  5/5        EV:  6    Int: 10    God:    Lugonu [*.....]
Gold:   134        SH:  6    Dex: 10    Spells: 3/3 levels left

rFire   . . .      SeeInvis +   a - +0 war axe
rCold   . . .      Faith    .   n - +0 kite shield
rNeg    + . .      Spirit   .   b - +0 leather armour
rPois   .          Reflect  .   (no helmet)
rElec   .          Harm     .   f - +0 cloak
rCorr   .          Rampage  .   (no gloves)
Will    .....                   (no barding)
Stlth   +.........              (no amulet)
HPRegen 0.12/turn               q - ring of positive energy
MPRegen 0.09/turn               (no ring)

@: no status effects
A: large, rugged brown scales 3, see invisible, deformed body, roll 1, armoured
tail
a: Rolling Charge, Renounce Religion, Depart the Abyss


You were on level 2 of the Dungeon.
You worshipped Lugonu.
Lugonu was aware of your devotion.
You visited 1 branch of the dungeon, and saw 4 of its levels.
You visited the Abyss 1 time.

You collected 134 gold pieces.


Innate Abilities, Weirdness & Mutations

You are completely covered in rugged brown scales. (AC +3, +7% HP)
You have supernaturally acute eyesight. (SInv)
Armour fits poorly on your strangely shaped body.
You can roll at nearby foes to attack.
You have a long armoured tail.


   Skills:
 - Level 3.0 Fighting
 + Level 4.6 Axes
 - Level 1.5 Armour
 - Level 0.7 Dodging
 - Level 2.1 Invocations


You had 3 spell levels left.
You didn't know any spells.
Your spell library contained the following spells:

 Spells                   Type           Power      Damage    Failure   Level
 Freeze                   Ice            0%         1d3       97%         1
 Frozen Ramparts          Ice            0%         1d2       100%        3
 Hailstorm                Conj/Ice       0%         3d3       100%        4

Inventory:

Hand Weapons
 a - a +0 war axe (weapon)
 e - a +1 hand axe
 l - a +0 long sword of flaming
Missiles
 g - 2 silver javelins
Armour
 b - a +0 leather armour (worn)
 f - a +0 cloak (worn)
 j - a +0 buckler
 n - a +0 kite shield (worn)
Jewellery
 q - a ring of positive energy (left hand)
Scrolls
 c - a scroll of summoning {unknown}
 h - a scroll of enchant weapon {unknown}
 i - 2 scrolls of teleportation {@r4}
 k - a scroll of immolation {unknown}
 o - a scroll of identify {unknown}
 p - 2 scrolls of blinking {unknown}
 r - a scroll of fear {unknown}
Potions
 d - a potion of lignification {unknown}
 m - a potion of heal wounds {unknown}
 s - 2 potions of haste {@q3}
 t - a potion of invisibility {unknown}

Dungeon Overview and Level Annotations

Branches:
Dungeon (4/15)
 Temple: D:4-7

Altars:
Fedhas
Qazlal
Zin

Shops:
D:1 *   D:3 *

Annotations:
D:4 Pikel

▒.▒ ▒.....▒▒...▒ ▒▒.▒
▒........... ▒▒▒▒..▒▒▒
▒.....▒▒▒..▒ ▒.......▒
▒.....▒ ▒..▒ ▒.▒▒.▒▒.▒
▒▒▒▒▒▒▒ ▒... ▒.▒▒.▒▒.▒
▒▒▒▒ ▒.▒▒....▒
▒.▒▒▒▒▒.▒ ▒....5H.▒
▒▒▒▒▒▒▒.▒▒▒▒▒▒▒▒▒▒▒▒▒▒▒
▒................
▒▒▒▒▒▒▒▒▒▒▒▒▒▒▒▒▒


You could see a lemure.


Message History

You closely miss the lemure. The lemure hits you.
You barely miss the lemure.
Your tail-slap misses the lemure.
The lemure hits you. The lemure hits you.
You barely miss the lemure. The lemure barely misses you.
Your shield prevents you from hitting the lemure.
You tail-slap the lemure, but do no damage.
The lemure hits you. The lemure closely misses you.
You slash the lemure!
The lemure is heavily wounded.
The lemure hits you!
* * * LOW HITPOINT WARNING * * *
The lemure barely misses you.
You closely miss the lemure.
The lemure is heavily wounded.
The lemure hits you.
* * * LOW HITPOINT WARNING * * *
You hit the lemure but do no damage.
The lemure is heavily wounded.
The lemure hits you but does no damage. The lemure hits you!
* * * LOW HITPOINT WARNING * * *
You hit the lemure but do no damage.
The lemure is heavily wounded.
The lemure hits you.
You die...

Action                   |  1- 3 |  4- 6 || total
-------------------------+-------+-------++-------
Melee: War axe           |   111 |     8 ||   119
       Hand axe          |     4 |       ||     4
       Tailslap          |     8 |     1 ||     9
Invok: Depart the Abyss  |     1 |       ||     1
 Abil: Rolling Charge    |     2 |       ||     2
  Use: Scroll            |     1 |       ||     1
       Potion            |     1 |       ||     1
Armor: Leather armour    |    50 |     1 ||    51
Dodge: Dodged            |    31 |     4 ||    35
Block: Kite shield       |    22 |     1 ||    23
       Buckler           |     2 |       ||     2

Levels and vault maps discovered:
D:1:      roderic_crop_circles_arrival_small, layout_loops_ring, serial_shops,
          nicolae_shop_waterfront, serial_forest, infiniplex_forest_zigzag_2,
          infiniplex_forest_fountain, infiniplex_forest_clump_cross,
          infiniplex_forest_lined_room_2, infiniplex_forest_lined_corner,
          infiniplex_forest_straight_3, infiniplex_forest_end_1,
          minmay_misc_feat_rugged
D:2:      layout_loops_cross, roderic_roman_lattice
D:3:      layout_basic, mainiacjoe_overflow_cross_hatched, grunt_qazlal_clouds,
          zin_purify, dilly_ecumenical_altar_fadedgnrine, feat_on_display
D:4:      layout_loops_ring, lemuel_crystal_altar, grunt_ministairs_8,
          minmay_misc_feat_tiny, hangedman_abyss_or_decor_jellyfish_corner,
          hangedman_decor_slide_cut, nicolae_shop_overcharged_wands,
          uniq_menkaure, uniq_pikel

Notes
Turn   | Place    | Note
-------+----------+-------------------------------------------
     0 | Abyss:1  | sanka the Palentonga Abyssal Knight began the quest for the
                  | Orb.
     0 | Abyss:1  | Reached XP level 1. HP: 19/19 MP: 2/2
    32 | Abyss:1  | Found a corrupted altar of Lugonu.
    73 | Abyss:1  | Noticed a thrashing horror
    73 | Abyss:1  | Noticed a hellwing
    73 | Abyss:1  | Noticed a flying skull
    78 | D:1      | Escaped the Abyss
   910 | D:1      | Found Guyr's General Store.
   993 | D:1      | Reached XP level 2. HP: 25/25 MP: 3/3
  1418 | D:2      | Reached skill level 3 in Axes
  1826 | D:2      | Reached * piety under Lugonu
  1837 | D:2      | Reached XP level 3. HP: 31/31 MP: 4/4
  2595 | D:3      | Reached skill level 4 in Axes
  2726 | D:3      | Found a blossoming altar of Fedhas.
  2838 | D:3      | Found a stormy altar of Qazlal.
  3334 | D:3      | Found Zin's Purification Station.
  3337 | D:3      | Found a glowing silver altar of Zin.
  3592 | D:3      | Found a faded altar of an unknown god.
  3667 | D:4      | Noticed Pikel
  3667 | D:4      | Noticed a lemure
  3667 | D:4      | Noticed a lemure
  3667 | D:4      | Noticed a lemure
  3667 | D:4      | Noticed a lemure
  3731 | D:2      | Reached XP level 4. HP: 7/37 MP: 5/5
  4011 | D:2      | HP: 2/37 [lemure[Pikel] (8)]
  4012 | D:2      | Slain by a lemure

Vanquished Creatures
  A hound (D:2)
  2 adders
  A worm (D:3)
  A dart slug (D:3)
  An orc (D:3)
  2 ball pythons
  5 endoplasms
  2 giant cockroaches
  2 hobgoblins
  A quokka (D:2)
  3 bats
  A frilled lizard (D:1)
  6 goblins
  7 kobolds
  8 rats
43 creatures vanquished.

Vanquished Creatures (others)
  103 plants (D:1)
103 creatures vanquished.

Grand Total: 146 creatures vanquished
